AoeStats
← CptClaude

Lombardia

508920047Analyzed
2v2 RM · 9d ago on Sep 24, 2026· 22m 42s· 4 players
Game mode
Random Map
Map size
Medium (4 player)
Population
200
Speed
Normal
Resources
Standard
Victory
Conquest
Starting age
Dark Age
Ending age
Imperial Age
RankedLock teamsTeams togetherTeam positionsShared explorationLock speedFull tech treeHidden civsTurbo modeCheats
Victory
Defeat
🇵🇱 Ethiopians · Poland
955
+15
🇭🇰 Georgians · Hong Kong SAR China
936
+16
🇩🇪 Cumans · Germany
965
-16
🇩🇪 Magyars · Germany
921
-15
szymi1990rbk
2:19 Loom
10:54 Feudal Age
12:13 Wheelbarrow
11:25 Double-Bit Axe
11:34 Horse Collar
12:47 Stone Mining
17:31 Town Watch
20:17 Castle Age
20:52 Gold Mining
23:08 Hand Cart
松本一香
7:05 Loom
9:16 Feudal Age
10:49 Double-Bit Axe
12:35 Horse Collar
13:30 Scale Barding Armor
13:36 Forging
15:35 Wheelbarrow
21:04 Castle Age
19:24 Gold Mining
19:59 Bloodlines
22:05 Husbandry
22:23 Bow Saw
22:20 Heavy Plow
CptClaude
4:10 Loom
13:38 Feudal Age
16:56 Double-Bit Axe
23:05 Castle Age
Roy Miller
8:23 Loom
10:49 Feudal Age
15:38 Double-Bit Axe
18:11 Wheelbarrow
17:49 Town Watch
22:40 Castle Age
21:08 Gold Mining
22:23 Bloodlines
Connection lost

Rejoining the realm…

Still unreachable

The connection could not be restored.

Session expired

The server has moved on; the page needs a fresh start.